[Event "ICCopen2016"]
[Site "Internet Chess Club"]
[Date "2016.06.03"]
[Round "8"]
[White "JJ12"]
[Black "MAU"]
[Result "1-0"]
[ICCResult "Black checkmated"]
[WhiteElo "2244"]
[BlackElo "1827"]
[Opening "French: Tarrasch, closed variation"]
[ECO "C05"]
[NIC "FR.16"]
[Time "20:18:10"]
[TimeControl "180+0"]

1. e4 e6 2. d4 d5 3. Nd2 Nf6 4. e5 Nfd7 5. f4 c5 6. Ngf3 g6 7. c3 Nc6 8. Nb3
a6 9. Be3 c4 10. Nbd2 b5 11. Be2 Ne7 12. g4 h5 13. gxh5 Rxh5 14. Ng5 Rh8 15.
Ndf3 Nf5 16. Bf2 Bh6 17. h4 Bxg5 18. fxg5 Bb7 19. Qd2 a5 20. h5 gxh5 21. Nh4
Nxh4 22. Bxh4 Qb6 23. g6 fxg6 24. Qg5 Qd8 25. Qxg6+ Kf8 26. Bxd8 Rxd8 27.
Rf1+ Ke7 28. Qf7# {Black checkmated} 1-0

[Event "ICCopen2016"]
[Site "Internet Chess Club"]
[Date "2016.06.03"]
[Round "8"]
[White "Bozhenka"]
[Black "TrendFriend"]
[Result "1-0"]
[ICCResult "Black resigns"]
[WhiteElo "3002"]
[BlackElo "2473"]
[Opening "Old Benoni defense"]
[ECO "A44"]
[NIC "OI.09"]
[Time "20:17:33"]
[TimeControl "180+0"]

1. d4 c5 2. d5 e5 3. Nc3 d6 4. Nf3 Be7 5. e4 Bg4 6. g3 Bxf3 7. Qxf3 Bg5 8.
Bb5+ Kf8 9. Bxg5 Qxg5 10. h4 Qe7 11. a4 a6 12. Bf1 Nf6 13. Bh3 Nbd7 14. O-O
g6 15. a5 Kg7 16. Nd1 c4 17. Ra4 Rac8 18. c3 Rc7 19. Ne3 Rhc8 20. Rb4 Rc5
21. Rxb7 Rxa5 22. Bxd7 Nxd7 23. Qg4 Nf6 24. Qxc8 {Black resigns} 1-0

[Event "ICCopen2016"]
[Site "Internet Chess Club"]
[Date "2016.06.03"]
[Round "8"]
[White "mrneale"]
[Black "marabu"]
[Result "0-1"]
[ICCResult "White checkmated"]
[WhiteElo "1272"]
[BlackElo "2084"]
[Opening "Pirc defense"]
[ECO "B07"]
[NIC "PU.08"]
[Time "20:18:27"]
[TimeControl "180+0"]

1. e4 d6 2. d4 Nf6 3. Nc3 e6 4. Bg5 Be7 5. Nf3 h6 6. Bxf6 Bxf6 7. e5 Be7 8.
Bd3 d5 9. O-O a6 10. h3 c5 11. Ne2 c4 12. Bxc4 dxc4 13. c3 b5 14. b3 cxb3
15. axb3 Bb7 16. Nh2 Qd5 17. Rc1 Qxg2# {White checkmated} 0-1

[Event "ICCopen2016"]
[Site "Internet Chess Club"]
[Date "2016.06.03"]
[Round "8"]
[White "Willy809"]
[Black "Mangus"]
[Result "1-0"]
[ICCResult "Black resigns"]
[WhiteElo "1622"]
[BlackElo "1282"]
[Opening "Queen's gambit declined"]
[ECO "D30"]
[NIC "QO.17"]
[Time "20:17:57"]
[TimeControl "180+0"]

1. d4 e6 2. c4 d5 3. Nf3 f5 4. Nc3 c6 5. g3 Nf6 6. Bg2 Bd6 7. Bg5 O-O 8. e3
Qc7 9. Qb3 Nbd7 10. Rc1 Kh8 11. cxd5 exd5 12. Nb5 Qb8 13. Nxd6 Qxd6 14. O-O
Ng4 15. h3 Nh6 16. Bf4 Qg6 17. Qa3 Re8 18. Nh4 Qf6 19. Qd3 g5 20. Be5 gxh4
21. Bxf6+ Kg8 22. Bxh4 {Black resigns} 1-0

[Event "ICCopen2016"]
[Site "Internet Chess Club"]
[Date "2016.06.03"]
[Round "8"]
[White "nicetry"]
[Black "smsxman"]
[Result "1-0"]
[ICCResult "Black resigns"]
[WhiteElo "1205"]
[BlackElo "1133"]
[Opening "Queen's pawn game, Chigorin variation"]
[ECO "D02"]
[NIC "QP.08"]
[Time "20:18:19"]
[TimeControl "180+0"]

1. d4 d5 2. Nf3 Nc6 3. Bf4 Bd7 4. Nbd2 e6 5. c3 Nf6 6. e3 Bd6 7. Bg5 Be7 8.
Bd3 O-O 9. O-O Ne4 10. Bxe7 Qxe7 11. Nxe4 dxe4 12. Bxe4 f5 13. Bc2 e5 14.
dxe5 Nxe5 15. Nxe5 Rad8 16. Nxd7 Rxd7 17. Bb3+ Kh8 18. Qf3 c6 19. Rad1 g5
20. Rxd7 Qxd7 21. Rd1 Qc8 22. Qh5 g4 23. Qg5 Qe6 24. Bxe6 {Black resigns}
1-0

[Event "ICCopen2016"]
[Site "Internet Chess Club"]
[Date "2016.06.03"]
[Round "8"]
[White "Ira57"]
[Black "welo1969"]
[Result "0-1"]
[ICCResult "White checkmated"]
[WhiteElo "1648"]
[BlackElo "1414"]
[Opening "Queen's bishop game"]
[ECO "D02"]
[NIC "QP.08"]
[Time "20:17:45"]
[TimeControl "180+0"]

1. d4 d5 2. Nf3 Nf6 3. Bf4 c5 4. e3 Nc6 5. Nbd2 cxd4 6. exd4 Qb6 7. Nb3 Bg4
8. c3 a5 9. a4 Bxf3 10. gxf3 e6 11. Bb5 Be7 12. Rg1 O-O 13. Bh6 Ne8 14. f4
Kh8 15. Bg5 Bxg5 16. fxg5 Nd6 17. Bd3 e5 18. dxe5 Nxe5 19. Bc2 Rae8 20. Kf1
Ne4 21. Qxd5 Qxf2# {White checkmated} 0-1

[Event "ICCopen2016"]
[Site "Internet Chess Club"]
[Date "2016.06.03"]
[Round "8"]
[White "blackending"]
[Black "DMDIS"]
[Result "0-1"]
[ICCResult "White resigns"]
[WhiteElo "1637"]
[BlackElo "2022"]
[Opening "Sicilian: Hungarian variation"]
[ECO "B73"]
[NIC "SI.43"]
[Time "20:18:29"]
[TimeControl "180+0"]

1. e4 c5 2. Nf3 g6 3. d4 cxd4 4. Nxd4 Bg7 5. Nc3 Nc6 6. Be3 Nf6 7. Be2 O-O
8. O-O d6 9. Kh1 Bd7 10. f4 Nxd4 11. Bxd4 Bc6 12. Bd3 d5 13. e5 Ne4 14. Re1
f5 15. exf6 Bxf6 16. Bxf6 Nf2+ 17. Kg1 Nxd1 18. Bxe7 Qb6+ {White resigns}
0-1

[Event "ICCopen2016"]
[Site "Internet Chess Club"]
[Date "2016.06.03"]
[Round "8"]
[White "ErnestoRondon"]
[Black "Oblique"]
[Result "1-0"]
[ICCResult "Black resigns"]
[WhiteElo "1908"]
[BlackElo "1691"]
[Opening "Scandinavian (center counter) defense"]
[ECO "B01"]
[NIC "VO.17"]
[Time "20:17:46"]
[TimeControl "180+0"]

1. e4 d5 2. exd5 Qxd5 3. d4 e5 4. c3 exd4 5. cxd4 Nf6 6. Nf3 Bb4+ 7. Nc3 O-O
8. Be2 Re8 9. O-O Qe6 10. Bd3 Nc6 11. a3 Bxc3 12. bxc3 Nd5 13. Bd2 Qg4 14.
h3 Qh5 15. c4 Nf6 16. d5 Ne7 17. Bc3 Bxh3 18. gxh3 Qxh3 19. Nh2 Ng6 20. Bxf6
gxf6 21. Qf3 Qxf3 22. Nxf3 Rad8 23. Rfe1 Rxe1+ 24. Rxe1 c6 25. Be4 cxd5 26.
Bxd5 Nf4 27. Rd1 Kg7 28. Kh2 b5 29. Kg3 Nh5+ 30. Kg4 Kg6 31. Nh4+ Kh6 32.
Nf5+ Kg6 33. Rh1 {Black resigns} 1-0

[Event "ICCopen2016"]
[Site "Internet Chess Club"]
[Date "2016.06.03"]
[Round "8"]
[White "Catknight"]
[Black "Rayconniff"]
[Result "0-1"]
[ICCResult "White resigns"]
[WhiteElo "1898"]
[BlackElo "1684"]
[Opening "Benoni: classical with e4 and Nf3"]
[ECO "A70"]
[NIC "BI.38"]
[Time "20:18:06"]
[TimeControl "180+0"]

1. d4 Nf6 2. c4 c5 3. d5 e6 4. Nc3 exd5 5. cxd5 d6 6. Nf3 g6 7. e4 Nbd7 8.
h3 Bg7 9. Be2 O-O 10. O-O Re8 11. a4 a6 12. Qc2 Qc7 13. a5 b5 14. axb6 Nxb6
15. Nd2 Nfd7 16. Nb3 Bb7 17. f4 c4 18. Nd2 a5 19. Nb5 Qc5+ 20. Kh1 Qxb5 21.
Nxc4 Nxc4 22. Bxc4 Qb6 23. Qd3 Nc5 24. Qg3 Nxe4 25. Qh4 Bf6 26. Qe1 Qd4 27.
Bb5 Re7 28. Be3 Qxd5 29. Rd1 Qxb5 {White resigns} 0-1

[Event "ICCopen2016"]
[Site "Internet Chess Club"]
[Date "2016.06.03"]
[Round "8"]
[White "klodshans"]
[Black "BISPOMAU"]
[Result "0-1"]
[ICCResult "White checkmated"]
[WhiteElo "1594"]
[BlackElo "2131"]
[Opening "Benoni defense, Hromodka system"]
[ECO "A43"]
[NIC "OI.09"]
[Time "20:18:04"]
[TimeControl "180+0"]

1. d4 c5 2. d5 d6 3. c4 Nf6 4. Nc3 g6 5. e4 Bg7 6. Bd3 O-O 7. Be3 Na6 8. Qd2
Nc7 9. f3 Rb8 10. g4 Bd7 11. h4 b5 12. h5 bxc4 13. Bxc4 Rb4 14. b3 Nb5 15.
Nge2 Nxc3 16. Nxc3 Qa5 17. hxg6 fxg6 18. Bh6 Bxh6 19. Rxh6 Kg7 20. Ke2 Bxg4
21. Rah1 Bh5 22. Qg5 Rxc4 23. R6xh5 Qxc3 24. Qh6+ Kf7 25. Kf2 Nxe4+ 26. fxe4
Ke8+ 27. Kg2 gxh5 28. Qxh5+ Kd8 29. Rf1 Rxf1 30. Kxf1 Rxe4 31. Qxh7 Qe1+ 32.
Kg2 Qe2+ 33. Kg3 Rg4+ 34. Kh3 Qg2# {White checkmated} 0-1

[Event "ICCopen2016"]
[Site "Internet Chess Club"]
[Date "2016.06.03"]
[Round "8"]
[White "servantalt"]
[Black "Ajolote"]
[Result "0-1"]
[ICCResult "White checkmated"]
[WhiteElo "1586"]
[BlackElo "1485"]
[Opening "Queen's pawn: Yusupov-Rubinstein system"]
[ECO "A45"]
[NIC "QP.07"]
[Time "20:18:09"]
[TimeControl "180+0"]

1. d4 Nf6 2. e3 e6 3. Nf3 Be7 4. Be2 d5 5. Nbd2 b6 6. c4 Bb7 7. cxd5 Bxd5 8.
Qa4+ Bc6 9. Bb5 Qd7 10. Bxc6 Qxc6 11. Qd1 O-O 12. O-O Nbd7 13. a3 Qb7 14.
Re1 c5 15. g3 Rac8 16. Nb3 Rfd8 17. Ne5 Nxe5 18. f4 Nc6 19. e4 cxd4 20. e5
Ne8 21. Nd2 d3 22. Ne4 Nd4 23. Be3 Nc2 24. Rc1 Nxe1 25. Rxc8 Rxc8 26. Ng5
Qg2# {White checkmated} 0-1

[Event "ICCopen2016"]
[Site "Internet Chess Club"]
[Date "2016.06.03"]
[Round "8"]
[White "mikeyb"]
[Black "Fioro"]
[Result "1-0"]
[ICCResult "Black resigns"]
[WhiteElo "2177"]
[BlackElo "2308"]
[Opening "Réti opening"]
[ECO "A05"]
[NIC "QP.11"]
[Time "20:18:25"]
[TimeControl "180+0"]

1. Nf3 Nf6 2. b4 g6 3. Bb2 Bg7 4. e3 O-O 5. Be2 d6 6. O-O a5 7. b5 c6 8. a4
cxb5 9. axb5 b6 10. d4 Bb7 11. Nbd2 Nbd7 12. c4 Rc8 13. Qb3 Ne4 14. Rfd1 Kh8
15. Nxe4 Bxe4 16. Ng5 Ba8 17. c5 d5 18. c6 Nf6 19. Ba3 h6 20. Nf3 Ne4 21.
Bd3 Re8 22. Bxe4 dxe4 23. Nd2 f5 24. Nc4 Bxc6 25. bxc6 Rxc6 26. d5 Bxa1 27.
dxc6 {Black resigns} 1-0

[Event "ICCopen2016"]
[Site "Internet Chess Club"]
[Date "2016.06.03"]
[Round "8"]
[White "psychopat2016"]
[Black "DDT3000"]
[Result "0-1"]
[ICCResult "White checkmated"]
[WhiteElo "1323"]
[BlackElo "1912"]
[Opening "KGA: Abbazia defense, modern variation"]
[ECO "C36"]
[NIC "KG.04"]
[Time "20:17:39"]
[TimeControl "180+0"]

1. e4 e5 2. f4 d5 3. Nf3 exf4 4. exd5 Nf6 5. Bc4 Nxd5 6. O-O Be6 7. Nd4 Bc5
8. c3 Bxd4+ 9. cxd4 O-O 10. Bxd5 Bxd5 11. Rxf4 Nc6 12. Nc3 Qg5 13. Rg4 Qd8
14. Nxd5 Qxd5 15. d3 Nxd4 16. Be3 Nf5 17. Bf2 Rad8 18. Qf3 Qxf3 19. gxf3
Rxd3 20. Bxa7 b6 21. Kf2 Ra8 22. Rag1 Rxa7 23. Re4 g6 24. h4 h5 25. Re5 Kh7
26. Re8 Rd2+ 27. Ke1 Rxb2 28. Rg5 Raxa2 29. Rf8 Ra1# {White checkmated} 0-1

[Event "ICCopen2016"]
[Site "Internet Chess Club"]
[Date "2016.06.03"]
[Round "8"]
[White "BitsofKoin"]
[Black "TallTower"]
[Result "1-0"]
[ICCResult "Black resigns"]
[WhiteElo "2325"]
[BlackElo "1884"]
[Opening "Queen's pawn: Torre attack"]
[ECO "A46"]
[NIC "QP.04"]
[Time "20:18:11"]
[TimeControl "180+0"]

1. d4 Nf6 2. Nf3 e6 3. Bg5 c5 4. e3 b6 5. c3 Bb7 6. Bd3 Be7 7. Nbd2 O-O 8.
O-O d6 9. Qe2 Nbd7 10. Rad1 h6 11. Bh4 Rc8 12. Rfe1 Re8 13. Bb1 cxd4 14.
exd4 Bf8 15. Qd3 g6 16. Re2 Bg7 17. Rde1 Qc7 18. h3 Nd5 19. Bg3 e5 20. dxe5
dxe5 21. Ne4 Qc6 22. Ned2 Nc5 23. Qc2 Ba6 24. Nxe5 Qf6 25. Ng4 {Black
resigns} 1-0

[Event "ICCopen2016"]
[Site "Internet Chess Club"]
[Date "2016.06.03"]
[Round "8"]
[White "discdude"]
[Black "ChessGeek"]
[Result "0-1"]
[ICCResult "White checkmated"]
[WhiteElo "1450"]
[BlackElo "1746"]
[Opening "King's Indian, 3.Nf3"]
[ECO "E61"]
[NIC "KI.80"]
[Time "20:18:37"]
[TimeControl "180+0"]

1. d4 Nf6 2. c4 g6 3. Nf3 Bg7 4. Nc3 O-O 5. e3 d6 6. Be2 c5 7. O-O Nc6 8. a3
a5 9. Rb1 Bf5 10. Bd3 Bg4 11. h3 Bc8 12. Be2 Bf5 13. Nh4 Bc8 14. Nf3 e5 15.
d5 Ne7 16. e4 Nh5 17. Bd3 f5 18. exf5 gxf5 19. Be2 Qe8 20. Nb5 Qg6 21. Bg5
Bf6 22. Bxf6 Nxf6 23. Nxd6 Rb8 24. Nxc8 Rfxc8 25. Nxe5 Qg7 26. Nf3 Kh8 27.
Bd3 Rg8 28. g3 f4 29. g4 Nxg4 30. hxg4 Qxg4+ 31. Kh1 Qh3+ 32. Nh2 Qg2#
{White checkmated}
0-1

[Event "ICCopen2016"]
[Site "Internet Chess Club"]
[Date "2016.06.03"]
[Round "8"]
[White "wmanthony"]
[Black "Qualm"]
[Result "1-0"]
[ICCResult "Black checkmated"]
[WhiteElo "1408"]
[BlackElo "1647"]
[Opening "Scandinavian: Pytel-Wade variation"]
[ECO "B01"]
[NIC "SD.02"]
[Time "20:18:15"]
[TimeControl "180+0"]

1. e4 d5 2. exd5 Qxd5 3. Nc3 Qd6 4. Nf3 a6 5. Be2 Nf6 6. O-O b5 7. d3 b4 8.
Ne4 Qb6 9. Be3 Qb7 10. Nxf6+ exf6 11. Nd4 Bd6 12. Bf3 c6 13. Re1 O-O 14. Be4
Qc7 15. h3 g6 16. Qf3 Bb7 17. Bh6 Rc8 18. Bxg6 fxg6 19. Qxf6 c5 20. Qe6+ Kh8
21. Qe8+ Rxe8 22. Rxe8+ Bf8 23. Rxf8# {Black checkmated} 1-0

[Event "ICCopen2016"]
[Site "Internet Chess Club"]
[Date "2016.06.03"]
[Round "8"]
[White "GodspeedR8"]
[Black "Chaos23"]
[Result "1-0"]
[ICCResult "Black resigns"]
[WhiteElo "1852"]
[BlackElo "1974"]
[Opening "Robatsch (modern) defense"]
[ECO "B06"]
[NIC "KF.05"]
[Time "20:18:24"]
[TimeControl "180+0"]

1. e4 g6 2. d4 Bg7 3. c4 c5 4. d5 d6 5. Nc3 e6 6. f4 Ne7 7. Nf3 O-O 8. Bd3
exd5 9. cxd5 Bg4 10. O-O Nd7 11. Be3 f5 12. h3 Bxf3 13. Qxf3 fxe4 14. Nxe4
h6 15. Qg4 Nf6 16. Nxf6+ Rxf6 17. f5 g5 18. h4 gxh4 19. Qxh4 Kh7 20. Rae1
Nxd5 21. Bg5 Nb4 22. Bb1 d5 23. Re6 Kg8 24. Bxf6 Bxf6 25. Qxf6 Qxf6 26. Rxf6
{Black resigns}
1-0

[Event "ICCopen2016"]
[Site "Internet Chess Club"]
[Date "2016.06.03"]
[Round "8"]
[White "Dlugy"]
[Black "jncool68"]
[Result "1-0"]
[ICCResult "Black resigns"]
[WhiteElo "2943"]
[BlackElo "2877"]
[Opening "Queen's pawn: London system"]
[ECO "A45"]
[NIC "QP.07"]
[Time "20:17:44"]
[TimeControl "180+0"]

1. d4 Nf6 2. Bf4 e6 3. e3 c5 4. c3 Qb6 5. Qb3 cxd4 6. exd4 Nc6 7. Nd2 Be7 8.
Nc4 Qxb3 9. axb3 Nd5 10. Nd6+ Bxd6 11. Bxd6 f6 12. Nf3 Nde7 13. Bd3 Kf7 14.
b4 b6 15. O-O Bb7 16. Nd2 Nf5 17. Bxf5 exf5 18. b5 Ne7 19. Bxe7 Kxe7 20.
Rfe1+ Kf7 21. Nc4 Kg6 22. Re7 a6 23. Nxb6 Rae8 24. Rxd7 Rb8 25. bxa6 Bc6 26.
a7 Rxb6 27. Rd6 Ra8 28. b4 Rb7 29. Rxc6 Raxa7 30. Rxa7 Rxa7 31. g3 f4 32.
gxf4 Kf5 33. b5 Kxf4 34. Kg2 h5 35. b6 Ra2 36. Rc4 h4 37. d5+ Ke5 38. b7
{Black resigns}
1-0

[Event "ICCopen2016"]
[Site "Internet Chess Club"]
[Date "2016.06.03"]
[Round "8"]
[White "alan2015"]
[Black "claris"]
[Result "0-1"]
[ICCResult "White resigns"]
[WhiteElo "1265"]
[BlackElo "1464"]
[Opening "Sicilian defense"]
[ECO "B32"]
[NIC "SI.32"]
[Time "20:17:33"]
[TimeControl "180+0"]

1. e4 c5 2. Nf3 Nc6 3. d4 cxd4 4. Nxd4 Nxd4 5. Qxd4 e6 6. Nc3 a6 7. e5 b5 8.
Be3 Bb7 9. O-O-O Ne7 10. g4 Bxh1 11. Bd3 Bf3 12. Rg1 Nd5 13. Nxd5 Bxd5 14.
Be4 Bxe4 15. Qxe4 Be7 16. f4 Rc8 17. f5 Qc7 18. Rf1 Bc5 19. Bf4 Qc6 20. Qd3
O-O 21. f6 g6 22. Kb1 Rfe8 23. Rc1 d6 24. Qh3 dxe5 25. Bxe5 Bf8 26. Bf4 Red8
27. Bh6 Qc5 28. g5 Rd2 29. Bxf8 Qxf8 30. Qf3 Qc5 31. Qe4 Rd4 32. Qe3 Rc4 33.
c3 Qxe3 {White resigns} 0-1

[Event "ICCopen2016"]
[Site "Internet Chess Club"]
[Date "2016.06.03"]
[Round "8"]
[White "rookfish"]
[Black "Kandor"]
[Result "1-0"]
[ICCResult "Black checkmated"]
[WhiteElo "1079"]
[BlackElo "1070"]
[Opening "French: advance, Nimzovich system"]
[ECO "C02"]
[NIC "FR.03"]
[Time "20:17:55"]
[TimeControl "180+0"]

1. e4 e6 2. d4 d5 3. e5 c5 4. Nf3 Ne7 5. Bd3 Ng6 6. O-O Be7 7. Nc3 O-O 8.
Be3 Qb6 9. Ne2 Qxb2 10. Rb1 Qxa2 11. Bxg6 fxg6 12. Nf4 Qa5 13. Bd2 Qd8 14.
h3 Nd7 15. Rb3 Re8 16. Nxe6 Nf8 17. Nxd8 Rxd8 18. dxc5 Bxc5 19. Bb4 Bb6 20.
Bxf8 Rxf8 21. Rd3 Be6 22. Ng5 Bf5 23. Rxd5 h6 24. Nf3 Rac8 25. g4 Bxc2 26.
Qd2 Be4 27. Rd6 Bxf3 28. Qa2+ Kh7 29. Qb1 Kg8 30. Qxg6 Bc7 31. Rd7 Rcd8 32.
Qxg7# {Black checkmated} 1-0

[Event "ICCopen2016"]
[Site "Internet Chess Club"]
[Date "2016.06.03"]
[Round "8"]
[White "zelog"]
[Black "born2die"]
[Result "1-0"]
[ICCResult "Black resigns"]
[WhiteElo "2177"]
[BlackElo "1771"]
[Opening "English, 1...Nf6 (Anglo-Indian defense)"]
[ECO "A15"]
[NIC "EO.64"]
[Time "20:17:34"]
[TimeControl "180+0"]

1. c4 Nf6 2. g3 d6 3. Bg2 c6 4. Nf3 e5 5. O-O Be7 6. d3 O-O 7. Nc3 Bg4 8.
Rb1 Nbd7 9. b4 h6 10. a4 Nh7 11. b5 f5 12. bxc6 bxc6 13. Ba3 Rb8 14. Qc2 Qc7
15. h3 Bh5 16. Nd2 Rxb1 17. Rxb1 Rb8 18. Rxb8+ Qxb8 19. Bxc6 Nc5 20. Bd5+
Kh8 21. Bxc5 dxc5 22. e3 Nf6 23. Bf3 Bg6 24. Nd5 Nxd5 25. Bxd5 Qb4 26. Kg2
Bd8 27. Nf3 Bc7 28. Nh4 Bh7 29. Be6 g5 30. Nxf5 Bxf5 31. Bxf5 Kg7 32. Bd7
Ba5 33. Qe2 Qc3 34. Bc6 Kg6 35. Be4+ Kg7 36. Qh5 Qa1 37. Qg6+ Kf8 38. Qxh6+
Ke7 39. Qxg5+ Kd6 40. Qf6+ Kd7 41. Qc6+ Ke7 42. Qb7+ Kf6 43. Qa6+ Bb6 44. h4
Ke7 45. Qb7+ Kf6 46. Qc6+ Ke7 47. h5 Qd1 48. h6 Qh5 49. h7 Kf8 50. Qc8+ Kg7
51. Qg8+ Kf6 52. h8=Q+ {Black resigns} 1-0

[Event "ICCopen2016"]
[Site "Internet Chess Club"]
[Date "2016.06.03"]
[Round "8"]
[White "ALexiz"]
[Black "DukeBishop"]
[Result "1-0"]
[ICCResult "Black forfeits on time"]
[WhiteElo "1843"]
[BlackElo "1593"]
[Opening "King's Indian: Four pawns attack, dynamic line"]
[ECO "E76"]
[NIC "KI.31"]
[Time "20:17:33"]
[TimeControl "180+0"]

1. d4 Nf6 2. c4 g6 3. Nc3 Bg7 4. e4 d6 5. f4 O-O 6. Nf3 c5 7. d5 a6 8. Be2
e6 9. a4 exd5 10. cxd5 Re8 11. Nd2 Qe7 12. O-O Nbd7 13. Bf3 Kh8 14. Nc4 Rb8
15. Kh1 Qf8 16. Re1 b5 17. axb5 axb5 18. Na5 Nb6 19. Nc6 Ra8 20. Rxa8 Nxa8
21. Nxb5 Ba6 22. Nc3 Nb6 23. e5 dxe5 24. fxe5 Nfd7 25. e6 fxe6 26. dxe6 Nf6
27. Qb3 Qg8 28. Qxb6 {Black forfeits on time} 1-0

[Event "ICCopen2016"]
[Site "Internet Chess Club"]
[Date "2016.06.03"]
[Round "8"]
[White "gmgattass"]
[Black "Mad-Cobra"]
[Result "1-0"]
[ICCResult "Black resigns"]
[WhiteElo "2246"]
[BlackElo "1861"]
[Opening "English: three knights system"]
[ECO "A27"]
[NIC "EO.21"]
[Time "20:17:59"]
[TimeControl "180+0"]

1. c4 e5 2. Nf3 Nc6 3. Nc3 g6 4. d4 exd4 5. Nxd4 Nxd4 6. Qxd4 Qf6 7. Qd3 Bg7
8. Nd5 Qc6 9. Bf4 d6 10. O-O-O Nf6 11. e4 O-O 12. Be2 Be6 13. Ne7+ Kh8 14.
Nxc6 bxc6 15. e5 Ne8 16. Qc3 d5 17. Bf3 Rb8 18. cxd5 cxd5 19. Bxd5 c5 20. h4
Nc7 21. Bxe6 Nxe6 22. Be3 c4 23. f4 Rfc8 24. h5 Kg8 25. hxg6 hxg6 26. g4 a5
27. f5 gxf5 28. gxf5 Nc5 29. Bxc5 Rxc5 30. Rdg1 Kf8 31. f6 Bh6+ 32. Rxh6 Ke8
{Black resigns}
1-0

[Event "ICCopen2016"]
[Site "Internet Chess Club"]
[Date "2016.06.03"]
[Round "8"]
[White "Chapo2"]
[Black "HouseOfFun"]
[Result "0-1"]
[ICCResult "White resigns"]
[WhiteElo "2006"]
[BlackElo "2444"]
[Opening "Scandinavian (center counter) defense"]
[ECO "B01"]
[NIC "SD.02"]
[Time "20:17:27"]
[TimeControl "180+0"]

1. e4 d5 2. exd5 Qxd5 3. Nc3 Qe5+ 4. Qe2 Qxe2+ 5. Bxe2 c6 6. Nf3 Nf6 7. h3
h6 8. d3 Bf5 9. Bf4 Nbd7 10. Ne5 e6 11. g4 Bh7 12. Rg1 Be7 13. O-O-O Nxe5
14. Bxe5 O-O-O 15. Na4 Rhg8 16. f4 Nd5 17. Bf3 f6 18. Bxd5 exd5 19. Bd4 Bd6
20. Bxa7 Bxf4+ 21. Kb1 Rge8 22. Bb6 Rd7 23. Rgf1 Bg3 24. Bf2 Bc7 25. Rde1
Rde7 26. Rxe7 Rxe7 27. Re1 Rxe1+ 28. Bxe1 f5 29. Nc5 fxg4 30. hxg4 Bg8 31.
Kc1 b6 32. Nb3 Be6 33. g5 hxg5 34. Kd1 Bg4+ 35. Kd2 c5 36. d4 Bf4+ 37. Kc3
c4 38. Nd2 Bf5 39. b3 b5 40. a4 bxa4 41. bxc4 dxc4 42. Nxc4 g4 43. Ne5 g3
44. Nf3 Bg4 45. Nh4 Bh3 46. Kb4 g2 47. Bf2 g5 48. Ng6 Bh2 49. Ne5 g1=Q 50.
Bxg1 Bxg1 51. Nf3 Be3 52. Kxa4 g4 53. Nh4 g3 54. Nf3 g2 55. Kb4 Bg4 56. Nh2
g1=Q 57. Nxg4 Qxg4 58. Kc4 Qxd4+ 59. Kb5 Qc3 60. Ka4 Qxc2+ 61. Kb5 Qc5+ 62.
Ka4 Kb7 {White resigns} 0-1

[Event "ICCopen2016"]
[Site "Internet Chess Club"]
[Date "2016.06.03"]
[Round "8"]
[White "darthvader"]
[Black "MorningRunner"]
[Result "1-0"]
[ICCResult "Black resigns"]
[WhiteElo "1921"]
[BlackElo "2169"]
[Opening "Queen's pawn: Yusupov-Rubinstein system"]
[ECO "A40"]
[NIC "QO.17"]
[Time "20:17:41"]
[TimeControl "180+0"]

1. d4 e6 2. Nf3 Nf6 3. e3 c5 4. Bd3 Qb6 5. O-O Nc6 6. c3 Be7 7. a4 O-O 8.
Na3 a6 9. Nc4 Qc7 10. Qe2 Rb8 11. a5 cxd4 12. exd4 Na7 13. b4 d6 14. Bd2 Bd7
15. Nb6 Bb5 16. Bxb5 Nxb5 17. Rac1 d5 18. Ne5 Nd6 19. Nd3 Nfe4 20. Nc5 Nxd2
21. Qxd2 Nf5 22. h3 Bd6 23. Qd3 Ne7 24. Rfe1 Ng6 25. Qf3 Rbd8 26. g3 Be7 27.
h4 h6 28. Qh5 Bf6 29. Nxe6 fxe6 30. Qxg6 e5 31. dxe5 Bxe5 32. Rcd1 Rf6 33.
Qd3 Qxc3 34. Qxc3 Bxc3 35. Nxd5 Rc8 36. Nxf6+ Bxf6 37. Rd7 Rc2 38. Rxb7 Bd4
39. Rf1 Rb2 40. Kg2 Bc3 41. b5 Rxb5 42. Rxb5 axb5 43. a6 Bd4 44. Rd1 Bc5 45.
Rd5 Bb6 46. Rxb5 Bd4 47. Rb7 {Black resigns} 1-0

[Event "ICCopen2016"]
[Site "Internet Chess Club"]
[Date "2016.06.03"]
[Round "8"]
[White "Arostos"]
[Black "Vegita"]
[Result "0-1"]
[ICCResult "White resigns"]
[WhiteElo "1937"]
[BlackElo "2309"]
[Opening "Pirc: classical (two knights) system"]
[ECO "A40"]
[NIC "PU.10"]
[Time "20:18:09"]
[TimeControl "180+0"]

1. d4 g6 2. e4 Bg7 3. Nc3 d6 4. Nf3 Nf6 5. Bf4 O-O 6. Qd2 Bg4 7. Be2 Nc6 8.
h3 Bxf3 9. Bxf3 e5 10. dxe5 dxe5 11. Qxd8 Raxd8 12. Be3 Nd4 13. Bxd4 exd4
14. Nd5 Nxe4 15. Bxe4 Rfe8 16. f3 f5 17. O-O-O fxe4 18. fxe4 Rxe4 19. Nxc7
Re2 20. Rhe1 Rxg2 21. Re7 Rc8 22. Rf1 d3 23. cxd3 Bxb2+ 24. Kb1 Ba3 25. Rd7
Rb2+ 26. Ka1 Rc2 {White resigns} 0-1

[Event "ICCopen2016"]
[Site "Internet Chess Club"]
[Date "2016.06.03"]
[Round "8"]
[White "MasterZachary"]
[Black "playbr"]
[Result "0-1"]
[ICCResult "White checkmated"]
[WhiteElo "2129"]
[BlackElo "1730"]
[Opening "French: Winawer (Nimzovich) variation"]
[ECO "C15"]
[NIC "FR.08"]
[Time "20:17:31"]
[TimeControl "180+0"]

1. e4 e6 2. d4 d5 3. Nc3 Bb4 4. exd5 exd5 5. Bd3 Ne7 6. Nf3 Bf5 7. O-O Bxd3
8. Qxd3 O-O 9. Qb5 Bxc3 10. Qxb7 Bxb2 11. Qxa8 Bxa1 12. Ba3 Bc3 13. Qxa7
Nbc6 14. Qc5 Ba5 15. Ne5 Bb6 16. Qb5 Nxd4 17. Qd3 Ne6 18. Re1 Re8 19. Qg3
Ng6 20. Nc6 Nc5 21. Rb1 Qf6 22. Bxc5 Bxc5 23. Qxc7 Qxf2+ 24. Kh1 Re1+ 25.
Rxe1 Qxe1# {White checkmated} 0-1

[Event "ICCopen2016"]
[Site "Internet Chess Club"]
[Date "2016.06.03"]
[Round "8"]
[White "senya"]
[Black "airantrobo"]
[Result "0-1"]
[ICCResult "White forfeits on time"]
[WhiteElo "1119"]
[BlackElo "1531"]
[Opening "English opening"]
[ECO "A13"]
[NIC "EO.64"]
[Time "20:17:51"]
[TimeControl "180+0"]

1. c4 e6 2. e3 f5 3. d4 Nf6 4. a3 c6 5. Nc3 d5 6. c5 Be7 7. b4 O-O 8. Bb2
Nbd7 9. Nge2 Ne4 10. Nf4 Ndf6 11. h3 b6 12. Be2 a5 13. bxa5 bxc5 14. O-O
cxd4 15. Qxd4 Qxa5 16. Rfc1 c5 17. Qd1 Nxc3 18. Bxc3 Qa4 19. Qxa4 Rxa4 20.
Rcb1 Ne4 21. Be1 g5 22. Rb6 gxf4 23. exf4 Bf6 24. Rc1 Rxa3 25. f3 Nc3 26.
Bxc3 Rxc3 27. Rxc3 Bxc3 28. Ba6 Bxa6 29. Rxa6 Bd4+ 30. Kh2 Rc8 31. Rxe6 c4
32. Re1 c3 33. Rc1 c2 {White forfeits on time} 0-1